 Dungeon Crawl Stone Soup version 0.31-a0-765-g67fe2935dc (webtiles) character file.

Game seed: 5440899940148394809

308 Maratek the Covered (level 6, -26/38 HPs)
             Began as a Gargoyle Fighter on Sept 15, 2023.
             Annihilated by an ogre
             ... wielding a +0 giant spiked club
              (27 damage)
             ... on level 5 of the Dungeon.
             The game lasted 00:05:43 (2373 turns).

Maratek the Covered (Gargoyle Fighter)              Turns: 2373, Time: 00:05:44

Health: -26/38     AC: 13    Str: 21    XL:     6   Next: 40%
Magic:  0/6        EV:  9    Int:  9    God:
Gold:   103        SH:  4    Dex:  9    Spells: 5/5 levels left

rFire   + . .        a - +1 war axe
rCold   . . .        c - +0 buckler
rNeg    + . .        b - +0 scale mail
rPois   ∞            g - +1 helmet
rElec   +            (no cloak)
rCorr   .            (no gloves)
SInv    .            (no boots)
Will    .....        h - amulet of guardian spirit Stlth
                     i - ring of protection from fire
HPRegen 0.26/turn    (no ring)
MPRegen 0.10/turn

%: guardian spirit
@: no status effects
A: sickness immunity, AC +4, negative energy resistance 1, electricity
resistance, torment resistance 1, petrification resistance
a: no special abilities


You were on level 5 of the Dungeon.
You visited 1 branch of the dungeon, and saw 5 of its levels.

You collected 103 gold pieces.

Inventory:

Hand Weapons
 a - a +1 war axe (weapon)
Armour
 b - a +0 scale mail (worn)
 c - a +0 buckler (worn)
 g - a +1 helmet (worn)
Jewellery
 h - an amulet of guardian spirit (around neck)
 i - a ring of protection from fire (left hand)
Wands
 r - a wand of mindburst (5)
Scrolls
 m - a scroll of vulnerability
Potions
 d - 2 potions of might
 f - a potion of lignification {unknown}
 j - 2 potions of brilliance {unknown}
 k - 2 potions of resistance {unknown}
 l - a potion of berserk rage {unknown}
 n - a potion of enlightenment {unknown}
 o - a potion of curing {unknown}
 q - a potion of invisibility {unknown}


   Skills:
 + Level 4.1 Fighting
 + Level 3.9 Axes
 + Level 5.0 Armour
 + Level 0.9 Dodging
 + Level 0.4 Stealth
 + Level 4.0 Shields


You had 5 spell levels left.
You didn't know any spells.
Your spell library contained the following spells:

 Spells                   Type           Power      Damage    Failure   Level
 Dazzling Flash           Conj/Hex       0%         N/A       98%         3
 Volatile Blastmotes      Fire/Tloc      0%         2d10      98%         3
 Starburst                Conj/Fire      0%         6d3       100%        6
 Maxwell's Capacitive Co  Air            0%         ∞         100%        8


Dungeon Overview and Level Annotations

Branches:
Dungeon (5/15)
 Temple: D:4-7

Altars:


Innate Abilities, Weirdness & Mutations

You are immune to sickness and miasma.
Your stone body is resilient. (AC +4)
You are immune to poison.
You resist negative energy. (rN+)
You are resistant to electric shocks. (rElec)
You are resistant to unholy torment.
You are immune to petrification.


Message History

No target in view!
As you read the scroll labelled VAFAKH ULLI, it crumbles to dust.
It is a scroll of enchant armour.
Your +0 helmet glows green for a moment.
As you read the scroll labelled ORIJICR KAKKA, it crumbles to dust.
It is a scroll of enchant weapon.
Your +0 war axe glows red for a moment.
Found a stone staircase leading down.
There is a stone staircase leading down here.
There is a shaft here.
An ogre comes into view. It is wielding a +0 giant spiked club.
The ogre shouts!
An ogre is nearby!
An ogre is nearby!
Found a leather armour.
The ogre barely misses you.
You hit the ogre.
The ogre is lightly wounded.
The ogre barely misses you.
You closely miss the ogre.
The ogre is lightly wounded.
The ogre hits you with a +0 giant spiked club!!
Ouch! That really hurt!
You are too injured to fight recklessly!
You are too injured to fight recklessly!
You are too injured to fight recklessly!
You hit the ogre.
The ogre is lightly wounded.
The ogre barely misses you.
You hit the ogre.
The ogre is moderately wounded.
You hit the ogre.
The ogre is heavily wounded.
The ogre hits you with a +0 giant spiked club!!
* * * LOW HITPOINT WARNING * * *
You barely miss the ogre.
The ogre is heavily wounded.
The ogre hits you with a +0 giant spiked club!!
Ouch! That really hurt!
You die...

...)...#
...............
######...#
#.#.##...######
###....# .. #...####
###.# #.. #......### +
+.# #.........
.####........#
.....(.......)
#.###+###.............#
#....O@..$#####......##
#####..#.## #.#...###
#..#.# #.##..... #..#.#
#.####### #..#.# #.#
#[.#.# #.#
#..#.######.#####
#..#.#....^>....###
#.#.####.###.##.


You could see an ogre.

Vanquished Creatures
  A phantom (D:5)
  A scorpion (D:5)
  An iguana (D:5)
  2 orc wizards (D:5)
  A gnoll (D:5)
  An adder (D:2)
  A worm (D:2)
  2 dart slugs (D:2)
  7 orcs (D:5)
  8 ball pythons
  2 bats
  7 endoplasms (D:1)
  9 goblins
  6 hobgoblins
  4 jackals (D:2)
  4 quokkas (D:1)
  5 frilled lizards
  2 kobolds (D:1)
  6 rats
70 creatures vanquished.

Notes
Turn   | Place    | Note
-------+----------+-------------------------------------------
     0 | D:1      | Maratek the Gargoyle Fighter began the quest for the Orb.
     0 | D:1      | Reached XP level 1. HP: 14/14 MP: 1/1
    70 | D:1      | Reached XP level 2. HP: 19/19 MP: 2/2
   281 | D:1      | Reached XP level 3. HP: 21/24 MP: 3/3
  1144 | D:2      | Reached XP level 4. HP: 29/29 MP: 4/4
  1646 | D:3      | HP: 1/29 [gnoll bouda/+0 club (6)]
  1691 | D:5      | Entered Level 5 of the Dungeon
  2040 | D:5      | Reached skill level 4 in Armour
  2040 | D:5      | Reached XP level 5. HP: 33/33 MP: 5/5
  2165 | D:5      | Noticed a phantom
  2176 | D:5      | Killed a phantom
  2177 | D:5      | Reached XP level 6. HP: 30/38 MP: 6/6
  2334 | D:5      | Reached skill level 5 in Armour
  2372 | D:5      | HP: 1/38 [ogre/+0 giant spiked club (15)]
  2373 | D:5      | Annihilated by an ogre

Illustrated notes

Levels and vault maps discovered:
D:1:      minmay_arrival_five_plusses, layout_rooms
D:2:      layout_loops_ring, serial_bayou, serial_bayou_ford_a,
          serial_bayou_pond_b, serial_bayou_pond_e, serial_bayou_lagoon_a
D:3:      layout_loops_corners, grunt_temple_overflow_holy_war,
          nemelex_dance_club_becter
D:4:      layout_cave_pools, mainiacjoe_overflow_concentric_impassable,
          gammafunk_ghost_necromancy, uniq_blork_the_orc,
          uniq_crazy_yiuf_cottage
D:5:      layout_loops_ring, lemuel_doored_altar

Skill      XL: |  1  2  3  4  5  6 |
---------------+-------------------+-----
Axes           | 2 3 |  3.9
Armour         | 4 5 |  5.0
Fighting       | 4 |  4.1
Shields        | 4 |  4.0
Dodging        | |  0.9
Stealth        | |  0.4

Action                     |  1- 3 |  4- 6 || total
---------------------------+-------+-------++-------
  Melee: War axe           |   129 |   147 ||   276
    Use: Scroll            |     4 |     3 ||     7
 Armour: Scale mail        |    93 |   129 ||   222
  Dodge: Dodged            |    50 |    60 ||   110
  Block: Buckler           |    32 |    27 ||    59

Table legend: (Time is in decaauts)
 A = Elapsed time spent in this place.
 B = Non-inter-level travel time spent in this place.
 C = Inter-level travel time spent in this place.
 D = Time resting spent in this place.
 E = Time spent auto-exploring this place.
 F = Levels seen in this place.
 G = Mean time per level.
                   A        B        C        D        E       F      G
               +--------+--------+--------+--------+--------+-----+--------+
         Total |   2508 |   2403 |    105 |    474 |   1229 |   5 |  501.6 |
       Dungeon |   2508 |   2403 |    105 |    474 |   1229 |   5 |  501.6 |
               +--------+--------+--------+--------+--------+-----+--------+

Top non-repeatable levels by time:
     D:2: 882 daAuts
     D:5: 716 daAuts
     D:1: 654 daAuts
     D:3: 250 daAuts
     D:4: 3 daAuts
